 Dungeon Crawl Stone Soup version 0.18.1-1-g2f07953 (webtiles) character file.

68 Korgoth the Skirmisher (level 4, -6/41 HPs)
             Began as a Minotaur Berserker on May 20, 2016.
             Was a Follower of Trog.
             Mangled by Sigmund
             ... wielding a +0 scythe
              (7 damage)
             ... on level 2 of the Dungeon.
             The game lasted 00:06:58 (1074 turns).

Korgoth the Skirmisher (Minotaur Berserker)         Turns: 1074, Time: 00:06:58

Health: -6/41      AC:  2    Str: 22    XL:     4   Next: 1%
Magic:  3/3        EV: 12    Int:  4    God:    Trog [*.....]
Gold:   34         SH:  0    Dex: 10    Spells: 0 memorised, 3 levels left

rFire  . . .     SeeInvis .     a - +0 mace
rCold  . . .     Gourm    .     b - +0 animal skin
rNeg   . . .     Faith    .     (no shield)
rPois  .         Spirit   .     (helmet restricted)
rElec  .         Dismiss  .     (no cloak)
rCorr  .         Reflect  .     (no gloves)
SustAt .         Harm     .     (no boots)
MR     .....                    (no amulet)
Stlth  ++........               (no ring)
                                i - ring of stealth

@: not resistant to hostile enchantments, unstealthy
A: retaliatory headbutt, horns 2
a: Berserk, Burn Spellbooks, Renounce Religion


You were on level 2 of the Dungeon.
You worshipped Trog.
Trog was aware of your devotion.
You were hungry.

You visited 1 branch of the dungeon, and saw 2 of its levels.

You collected 34 gold pieces.

Inventory:

Hand Weapons
 a - a +0 mace (weapon)
Armour
 b - a +0 animal skin (worn)
Jewellery
 i - a ring of stealth (left hand)
Scrolls
 d - 2 scrolls of magic mapping
 e - a scroll of remove curse {unknown}
 f - a scroll of identify
 g - a scroll of random uselessness
 l - a scroll of fear {unknown}
Potions
 h - a potion of beneficial mutation {unknown}
 j - a potion of agility {unknown}
 k - a potion of brilliance {unknown}
 m - a potion of magic {unknown}
 n - a potion of lignification {unknown}
Comestibles
 c - a bread ration


   Skills:
 + Level 4.6 Fighting
 + Level 4.2 Maces & Flails
 + Level 3.2 Armour
 + Level 2.8 Dodging


You had 3 spell levels left.
You didn't know any spells.

Dungeon Overview and Level Annotations

Branches:
Dungeon (2/15)

Altars:

Annotations:
D:2 Sigmund


Innate Abilities, Weirdness & Mutations

You reflexively headbutt those who attack you in melee.
You have a pair of horns on your head.


Message History

You have reached level 4!
You feel agile.
You hear some strange, mumbled words.
A magic dart appears from out of thin air!
The magic dart hits you!
* * * LOW HITPOINT WARNING * * *
You are too injured to fight recklessly!
You miss something. Something hits you.
* * * LOW HITPOINT WARNING * * *
As you read the scroll labeled CEARIAPS NIDI, it crumbles to dust.
You smell salt.
It was a scroll of random uselessness.
As you read the scroll labeled JIJO WORGHOTE, it crumbles to dust.
It is a scroll of identify.
Identify which item? (\ to view known items) (? for menu, Esc to quit)
d - 2 scrolls of magic mapping Something hits you.
* * * LOW HITPOINT WARNING * * *
Unknown command.
Something hits you!
You die...

##..<## .#.#
##...####.....
######.)......#
...........#...
#######.##...#
###.##..### ####
####.......... ####.....
##............###.{......
........#..##...@.#
........#...##..)##
..(.......#...)#.#
.........#..<..#.#
............>..#>.
........##.....###.
.............>.# ..
........##.....# ##
################


There were no monsters in sight!

Vanquished Creatures
  Jessica (D:2)
  2 adders (D:2)
  A worm (D:2)
  A dart slug (D:1)
  A giant gecko (D:2)
  A ball python (D:1)
  A giant cockroach (D:1)
  4 hobgoblins
  3 kobolds (D:2)
  A quokka (D:2)
  A bat (D:2)
  4 rats (D:1)
21 creatures vanquished.

Notes
Turn   | Place    | Note
--------------------------------------------------------------
     0 | D:1      | Korgoth the Minotaur Berserker began the quest for the Orb.
     0 | D:1      | Reached XP level 1. HP: 19/19 MP: 0/0
   237 | D:1      | Reached XP level 2. HP: 24/27 MP: 1/1
   545 | D:2      | Noticed Jessica
   561 | D:2      | Killed Jessica
   561 | D:2      | Reached XP level 3. HP: 24/33 MP: 2/2
  1062 | D:2      | Noticed Sigmund
  1070 | D:2      | Reached XP level 4. HP: 14/41 MP: 3/3
  1073 | D:2      | HP: 1/41 [something (4)]
  1074 | D:2      | Mangled by Sigmund

Skill      XL: |  1  2 |
---------------+-------+-----
Fighting       | 4 |  4.6
Maces & Flails | 4 |  4.2
Armour         | 3 |  3.2
Dodging        | |  2.8

Action                   |  1- 3 |  4- 6 || total
-------------------------+-------+-------++-------
Melee: Mace              |    63 |     1 ||    64
       Headbutt          |     6 |       ||     6
  Use: Scroll            |       |     2 ||     2
Armor: Animal skin       |     9 |       ||     9
Dodge: Dodged            |    34 |       ||    34
